 Dungeon Crawl Stone Soup version 0.17-a0-1-g1f4be75 (console) character file.

121 Fusha the Stinger (level 5, -2/39 HPs)
             Began as a Ghoul Venom Mage on Mar 15, 2015.
             Was an Initiate of Vehumet.
             Killed from afar by Fusha's ghost (9 damage)
             ... with a flame tongue
             ... on level 3 of the Dungeon.
             The game lasted 00:13:42 (3676 turns).

Fusha the Stinger (Ghoul Venom Mage)                Turns: 3676, Time: 00:13:43

Health: -2/39      AC:  2    Str: 12    XL:     5   Next: 5%
Magic:  8/8        EV: 12    Int: 11    God:    Vehumet [......]
Gold:   73         SH:  0    Dex:  9    Spells: 2 memorised, 4 levels left

rFire  . . .     SeeInvis .       - Unarmed
rCold  + . .     Clarity  .     a - +0 robe
rNeg   + + +     SustAb   .     (no shield)
rPois  ∞         Gourm    .     (no helmet)
rElec  .         Spirit   .     (no cloak)
rCorr  .         Warding  .     (no gloves)
rMut   .         Stasis   .     (no boots)
MR     .....                    (no amulet)
Stlth  ++........               (no ring)
                                n - +5 ring of slaying

@: rotting, not resistant to hostile enchantments, unstealthy
A: rotting body, claws 1, carnivore 3, cold resistance 1, negative energy
resistance 3, poison resistance, slow healing 1, torment resistance, unbreathing
a: Renounce Religion


You were on level 3 of the Dungeon.
You worshipped Vehumet.
Vehumet was noncommittal.
You were not hungry.

You visited 1 branch of the dungeon, and saw 3 of its levels.

You collected 73 gold pieces.

Inventory:

Hand weapons
 k - a +0 spear
Armour
 a - a +0 robe (worn)
Jewellery
 n - a +5 ring of slaying (left claw)
Scrolls
 f - a scroll of amnesia {unknown}
 g - a scroll of enchant armour {unknown}
 h - a scroll of fear {unknown}
 i - a scroll of magic mapping {unknown}
 j - a scroll of remove curse {unknown}
 l - a scroll of teleportation {unknown}
 m - a scroll of random uselessness {unknown}
 p - a scroll of immolation {unknown}
Potions
 e - a potion of lignification {unknown}
 o - a potion of magic {unknown}
 q - a potion of curing {unknown}
Books
 b - a Young Poisoner's Handbook

   Spells                             Type                      Level
   a - Sting                          Conjuration/Poison           1
   b - Cure Poison                    Poison                       2
   c - Mephitic Cloud                 Conjuration/Poison/Air       3
   d - Olgreb's Toxic Radiance        Poison                       4
   e - Venom Bolt                     Conjuration/Poison           5
Comestibles
 c - 3 meat rations
 d - a beef jerky
 r - a chunk of flesh


   Skills:
 + Level 0.4 Fighting
 + Level 2.7 Dodging
 + Level 2.3 Stealth
 + Level 1.0 Unarmed Combat
 + Level 2.3 Spellcasting
 + Level 1.0 Conjurations
 + Level 4.8 Poison Magic


You had 4 spell levels left.
You knew the following spells:

 Your Spells              Type           Power        Failure   Level  Hunger
a - Sting                 Conj/Pois      #...         12%         1    ##.....
b - Mephitic Cloud        Conj/Pois/Air  #.......     38%         3    ####...


Dungeon Overview and Level Annotations

Branches:
Dungeon (3/15)

Altars:
Ashenzari
Elyvilon
Gozag
Vehumet

Annotations:
D:1 stuff behind water/wall?
D:3 flame ghost, Fusha's ghost, average SpFE


Innate Abilities, Weirdness & Mutations

Your body is rotting away.
You thrive on raw meat.
You have sharp fingernails.
You are carnivorous and can eat meat at any time.
Your flesh is cold resistant.
You are immune to negative energy.
Your system is resistant to poisons.
You heal slowly when monsters are visible.
You are immune to unholy pain and torment.
You can survive without breathing.


Message History

The puff of flame hits you! Fusha's ghost casts a spell at you.
The puff of flame hits you! Fusha's ghost barely misses you.
Fusha's ghost barely misses you.
Fusha's ghost frowns in concentration.
Fusha's ghost hits you. Fusha's ghost hits you.
Fusha's ghost gestures at you while chanting.
The puff of flame hits you!
There is an escape hatch in the floor here.
Fusha's ghost casts a spell at you. The puff of flame hits you!
* * * LOW HITPOINT WARNING * * *
Fusha's ghost casts a spell at you. The puff of flame hits you!
* * * LOW HITPOINT WARNING * * *
Fusha's ghost casts a spell at you. The flame tongue hits you!
You die...

###'###........#.#####.#
#..<.......^...#.# #.########
#..[.............# #.##......
#......._..⌠.._..#####'##.##.##
#....[...........##.......#(..#
#..............#.##.......#.P.#
#..............#.##.......#...#
###......(.#...#.#.####...####.##
..'...........W.@.....+.>.# #)#
###..............#.######## ##.##
###......>.#######.####...###...#
...................##...P....._..
####.###.#####.###.#..#...###...#
#.# #.....#.# #...###### ##.##
#+# #####.#.# #...#.#.# #.#
..#.#.###...#.#.# ##.##
#.#.#.#.....#.#.# #...#


You could see Fusha's ghost.

Vanquished Creatures
  Ijyb (D:3)
  5 adders (D:2)
  3 giant geckos (D:1)
  An ooze (D:2)
  2 ball pythons (D:2)
  4 giant cockroaches
  7 goblins (D:1)
  4 hobgoblins
  A jackal (D:3)
  10 bats
  3 giant newts
  11 kobolds
  8 rats
60 creatures vanquished.

Notes
Turn   | Place    | Note
--------------------------------------------------------------
     0 | D:1      | Fusha, the Ghoul Venom Mage, began the quest for the Orb.
     0 | D:1      | Reached XP level 1. HP: 14/14 MP: 2/2
   228 | D:1      | Reached XP level 2. HP: 15/20 MP: 0/3
   959 | D:1      | Reached XP level 3. HP: 24/26 MP: 0/5
  2194 | D:2      | Reached XP level 4. HP: 17/33 MP: 0/6
  3005 | D:3      | Noticed Fusha's ghost (average SpFE)
  3284 | D:3      | Found a shattered altar of Ashenzari.
  3287 | D:3      | Reached skill level 1 in Unarmed Combat
  3364 | D:3      | Found a radiant altar of Vehumet.
  3387 | D:3      | Became a worshipper of Vehumet
  3433 | D:3      | Found a white marble altar of Elyvilon.
  3441 | D:3      | Noticed Ijyb
  3457 | D:3      | Killed Ijyb
  3457 | D:3      | Reached skill level 1 in Conjurations
  3457 | D:3      | Reached XP level 5. HP: 27/39 MP: 1/8
  3509 | D:3      | Found an opulent altar of Gozag.
  3514 | D:3      | Learned a level 3 spell: Mephitic Cloud
  3676 | D:3      | Killed from afar by Fusha's ghost

Action                   |  1- 3 |  4- 6 || total
-------------------------+-------+-------++-------
Melee: Unarmed           |    89 |    36 ||   125
       Spear             |       |     2 ||     2
 Cast: Sting             |    75 |    45 ||   120
 Stab: Sleeping          |     1 |       ||     1
  Eat: Chunk             |    16 |     3 ||    19
